 Dungeon Crawl Stone Soup version 0.31-a0-1540-g5a0b83f (webtiles) character file.

Game seed: 2853929710336518749

3850 Dorkslayer the Chopper (level 10, 0/94 (102) HPs)
             Began as an Oni Fighter on Jan 1, 2024.
             Was an Initiate of Gozag.
             Slain by a wight
             ... wielding a +0 halberd
              (12 damage)
             ... on level 8 of the Dungeon.
             The game lasted 00:17:41 (6071 turns).

Dorkslayer the Chopper (Oni Fighter)                Turns: 6071, Time: 00:17:42

HP:   0/94 (102)    AC:  9    Str: 24    XL:     10   Next: 18%
MP:   10/10         EV: 10    Int:  9    God:    Gozag
Gold: 317           SH:  9    Dex: 10    Spells: 9/9 levels left

rFire   . . .        a - +1 war axe
rCold   . . .        c - +1 kite shield
rNeg    . . .        s - +2 robe {Will+}
rPois   .            (helmet currently unavailable)
rElec   .            (cloak currently unavailable)
rCorr   .            (gloves unavailable)
SInv    +            (boots unavailable)
Will    ++...        (no amulet)
Stlth   ++           n - ring of see invisible
HPRegen 0.35/turn    q - +4 ring of protection
MPRegen 0.12/turn

%: no passive effects
@: beast-form, gold aura, drained
A: beast (slay +1), large, unfitting armour, horns 1, tough skin 1, double
potion healing, drunken brawling
a: Begin Untransformation, Renounce Religion, Potion Petition, Call Merchant,
Bribe Branch


You were on level 8 of the Dungeon.
You worshipped Gozag.
Gozag was aware of your devotion.
You were a hulking beast.
You visited 2 branches of the dungeon, and saw 9 of its levels.

You collected 446 gold pieces.
You paid 129 gold pieces to Gozag.

Inventory:

Hand Weapons
 a - a +1 war axe (weapon)
Missiles
 h - 2 boomerangs
 B - 7 curare-tipped darts (quivered)
Armour
 c - a +1 kite shield (worn)
 s - a +2 robe of willpower (worn)
 A - a +0 cloak
Jewellery
 b - an amulet of faith
 n - a ring of see invisible (left hand)
 q - a +4 ring of protection (right hand)
Talismans
 p - a beast talisman (active)
 x - a blade talisman
Wands
 m - a wand of flame (20)
 v - a wand of quicksilver (14)
 z - a wand of polymorph (14)
Scrolls
 k - 2 scrolls of teleportation
 r - 2 scrolls of blinking
 w - a scroll of poison
Potions
 e - 2 potions of invisibility
 f - a potion of heal wounds
 g - 2 potions of curing {unknown}
 i - a potion of magic {unknown}
 j - a potion of mutation
 l - 2 potions of brilliance
 o - 2 potions of lignification {unknown}
 t - a potion of enlightenment {unknown}
 u - 2 potions of attraction {unknown}


   Skills:
 + Level 7.2 Fighting
 + Level 7.9 Axes
 + Level 1.4 Throwing
 * Level 1.0 Armour
 * Level 6.9 Dodging
 + Level 2.1 Stealth
 + Level 5.2 Shields
 * Level 4.1 Evocations
 * Level 3.1 Shapeshifting


You had 9 spell levels left.
You didn't know any spells.
Your spell library contained the following spells:

 Spells                   Type           Power      Damage    Failure   Level
 Frozen Ramparts          Ice            0%         1d1       94%         3
 Leda's Liquefaction      Alch/Erth      0%         N/A       100%        4
 Petrify                  Alch/Erth      0%         N/A       100%        4
 Metabolic Englaciation   Hex/Ice        0%         N/A       100%        5


Dungeon Overview and Level Annotations

Branches:
Dungeon (8/15)             Temple (1/1) D:4
   Lair: D:8-11

Altars:
Ashenzari
Cheibriados
Dithmenos
Fedhas
Gozag
Hepliaklqana
Kikubaaqudgha
Makhleb
Nemelex Xobeh
Okawaru
Qazlal
Ru
Sif Muna
Trog
Uskayaw
Wu Jian
Yredelemnul
Zin
The Shining One

Shops:
D:4 *   D:7 [


Innate Abilities, Weirdness & Mutations

You are a hulking beast.
Your limbs bulge with bestial killing power. (Slay +1)
You are too large for most types of armour.
You have a pair of small horns on your head.
You have tough skin. (AC +1)
You gain doubled healing and magic from potions.
Whenever you drink a healing potion, you attack all around you.


Message History

The wight is severely damaged.
You hit the orc but do no damage. You block the wight's attack.
The orc barely misses you. You block the orc's attack.
The wight hits you but does no damage.
You slash the wight!
You destroy the wight!
You hit the orc. The orc hits you with a +0 war axe!
You block the wight's attack.
You closely miss the wight. Your headbutt misses the wight.
You barely miss the orc. You block the orc's attack.
The wight hits you from afar with a +0 halberd!
An orc wizard comes into view. It is wielding a +0 dagger.
The wight hits you with a +4 dire flail!
You hit the wight.
The wight is moderately damaged.
You slash the orc!
You kill the orc!
The wight is distracted by your dazzling golden aura.
The wight closely misses you.
The wight hits you with a +4 dire flail!
You hit the wight but do no damage.
The wight is moderately damaged.
The wight hits you from afar with a +0 halberd.
You feel drained.
The wight hits you with a +4 dire flail!
* * * LOW HITPOINT WARNING * * *
Unknown command.
You hit the wight.
You headbutt the wight, but do no damage.
The wight is severely damaged.
The wight is no longer distracted by gold.
An orc comes into view. It is wielding a +0 morningstar.
You block the wight's attack.
The wight hits you with a +4 dire flail!
* * * LOW HITPOINT WARNING * * *
You feel drained.
* * * LOW HITPOINT WARNING * * *
The wight hits you from afar with a +0 halberd!
You die...
Your body crumbles into a pile of gold.

#.... #.......[.. . #...
#.......... #.#...##
#..........
#.#....######..........
#......................
#.(....................
#...............#.....
#...........##.###....
#.....h$...##### ....
#......zz...# ..
#..?..z......#
............... ..# ##
.......o......#....# #.
#..............#....###.
#.......................
..............# #....#..
#......


You could see 3 wights and an orc wizard.

Vanquished Creatures
  Maurice (D:7)
  Sigmund (D:5)
  2 steam dragons (D:7)
  A water moccasin (D:5)
  4 black bears
  2 sky beasts
  4 ogres
  2 centaurs (D:7)
  2 phantoms (D:5)
  3 kobold brigands
  Blork the orc (D:4)
  A scorpion (D:5)
  9 wights
  2 howler monkeys
  A bombardier beetle (D:5)
  A jelly (D:6)
  3 hounds
  5 orc priests
  5 iguanas
  A sleepcap (D:7)
  10 orc wizards
  An adder (D:6)
  3 shadow imps
  2 white imps
  4 ufetubi
  2 ribbon worms (D:2)
  35 orcs
  5 bats
  3 endoplasms
  A giant cockroach (D:4)
  5 goblins
  10 hobgoblins
  6 jackals (D:4)
  17 kobolds
  2 quokkas
  7 ball pythons
  2 frilled lizards
  3 rats
169 creatures vanquished.

Notes
Turn   | Place    | Note
-------+----------+-------------------------------------------
     0 | D:1      | Dorkslayer the Oni Fighter began the quest for the Orb.
     0 | D:1      | Reached XP level 1. HP: 24/24 MP: 1/1
    89 | D:1      | Reached XP level 2. HP: 31/32 MP: 2/2
   549 | D:2      | Reached XP level 3. HP: 34/39 MP: 3/3
   624 | D:2      | Found a faded altar of an unknown god.
  1241 | D:3      | You fall into a shaft and drop 1 floor!
  1272 | D:4      | Noticed an ogre
  1278 | D:4      | Killed an ogre
  1279 | D:4      | Reached XP level 4. HP: 49/49 MP: 4/4
  1279 | D:4      | Reached XP level 5. HP: 55/55 MP: 5/5
  1284 | D:4      | Found a staircase to the Ecumenical Temple.
  1299 | Temple   | Entered the Ecumenical Temple
  1393 | D:4      | Found a burning altar of Makhleb.
  1603 | D:4      | Found an ornate altar of the Wu Jian Council.
  1633 | D:4      | Reached XP level 6. HP: 38/65 MP: 6/6
  1657 | D:4      | Noticed Blork the orc
  1666 | D:4      | Killed Blork the orc
  1895 | D:4      | Found Ctiask's Commerce Corner.
  2024 | D:3      | Reached skill level 5 in Fighting
  2436 | D:4      | Found a hide-covered altar of Uskayaw.
  2496 | D:5      | Entered Level 5 of the Dungeon
  2577 | D:5      | Noticed Sigmund
  2586 | D:5      | Killed Sigmund
  2587 | D:5      | Reached skill level 1 in Evocations
  2587 | D:5      | Reached XP level 7. HP: 49/72 MP: 7/7
  2747 | D:5      | Reached skill level 5 in Axes
  3203 | D:5      | Reached skill level 5 in Dodging
  3203 | D:5      | Reached XP level 8. HP: 60/81 MP: 8/8
  3513 | D:5      | Reached skill level 1 in Stealth
  4207 | D:6      | Reached XP level 9. HP: 84/92 MP: 9/9
  4424 | D:6      | Found Egeub's Hydra Hut.
  4427 | D:6      | Noticed a five-headed hydra
  4479 | D:6      | Reached skill level 1 in Shapeshifting
  4547 | D:6      | Reached skill level 1 in Throwing
  4572 | D:6      | Found a glowing golden altar of the Shining One.
  4884 | D:7      | Noticed Maurice
  4897 | D:7      | Killed Maurice
  5005 | D:7      | Identified the +1 leather armour of Tomorrow {+Blink rC+
                  | Stlth+}
  5570 | D:7      | Reached XP level 10. HP: 27/102 MP: 10/10
  5688 | D:7      | Found Esaumeocs's Armour Shop.
  5900 | D:8      | Reached skill level 5 in Shields
  5932 | D:8      | Found an opulent altar of Gozag.
  5943 | D:8      | Became a worshipper of Gozag Ym Sagoz the Greedy
  5989 | D:8      | Reached skill level 1 in Armour
  6071 | D:8      | Slain by a wight

Illustrated notes

Levels and vault maps discovered:
D:1:      noname_arrival_rooms_in_the_neighbourhood, layout_rooms, hex_large,
          minmay_split_cup_small
D:2:      layout_basic, shapermc_ecumenical_altar_hornbeckon
D:3:      layout_rooms
D:4:      wander_river, layout_loops_ring, overflow_temple_1_default,
          makhleb_heckhound_becter, mainiacjoe_overflow_concentric_impassable,
          nicolae_alphabet_shops, uniq_blork_the_orc
D:5:      kennysheep_six_static_rooms, layout_loops_corners, uniq_sigmund
D:6:      layout_cave_pools, mainiacjoe_overflow_brackets,
          doesnt_shop_hydraphobe
D:7:      layout_loops_ring, serial_shops, nicolae_shop_stone,
          nicolae_figureground_pulse, uniq_maurice
D:8:      cheibrodos_statue_roulette, layout_cave_pools,
          grunt_gozag_breadcrumbs, lemuel_tele_altar,
          kennysheep_cross_bottleneck
Temple:   eino_narrow_crystal_temple

Skill      XL: |  1  2  3  4  5  6  7  8  9 10 |
---------------+-------------------------------+-----
Dodging        | 3 4 5 6 |  6.9
Shields        | 3 4 5 |  5.2
Axes           | 3 4 5 6 7 |  7.9
Fighting       | 5 6 7 |  7.2
Evocations     | 1 2 4 |  4.1
Stealth        | 1 2 |  2.1
Shapeshifting  | 2 3 |  3.1
Throwing       | 1 |  1.4
Armour         | 1 |  1.0

Action                     |  1- 3 |  4- 6 |  7- 9 | 10-12 || total
---------------------------+-------+-------+-------+-------++-------
  Melee: War axe           |    81 |   113 |   255 |    37 ||   486
         Headbutt          |    11 |    19 |    43 |     4 ||    77
  Throw: Boomerang         |     2 |     1 |    12 |       ||    15
         Dart              |       |       |       |     1 ||     1
  Evoke: Wand              |       |       |     5 |     3 ||     8
    Use: Scroll            |     8 |       |     5 |       ||    13
         Potion            |     1 |       |     1 |     3 ||     5
   Stab: Invisible         |       |     1 |       |       ||     1
         Sleeping          |       |       |     6 |       ||     6
 Armour: Robe              |    40 |    88 |   207 |    51 ||   386
  Dodge: Dodged            |    35 |    58 |   108 |    17 ||   218
  Block: Kite shield       |    38 |    77 |   129 |    34 ||   278
   Form: Beast             |       |       |     2 |       ||     2

Table legend: (Time is in decaauts)
 A = Elapsed time spent in this place.
 B = Non-inter-level travel time spent in this place.
 C = Inter-level travel time spent in this place.
 D = Time resting spent in this place.
 E = Time spent auto-exploring this place.
 F = Levels seen in this place.
 G = Mean time per level.
                   A        B        C        D        E       F      G
               +--------+--------+--------+--------+--------+-----+--------+
         Total |   6247 |   6247 |      0 |      0 |   3401 |   9 |  694.1 |
       Dungeon |   6186 |   6186 |      0 |      0 |   3401 |   8 |  773.2 |
        Temple |     61 |     61 |      0 |      0 |      0 |   1 |   61.0 |
               +--------+--------+--------+--------+--------+-----+--------+

Top non-repeatable levels by time:
     D:5: 1734 daAuts
     D:7: 1086 daAuts
     D:4: 883 daAuts
     D:6: 635 daAuts
     D:2: 620 daAuts
     D:1: 561 daAuts
     D:3: 452 daAuts
     D:8: 211 daAuts
  Temple: 61 daAuts
